 Dungeon Crawl Stone Soup version 0.29.1-4-g47bece8355 (webtiles) character file.

Game seed: 10654102013792229477

480 javelincjr the Magician (level 7, 0/49 HPs)
             Began as a Djinni Conjurer on Dec 9, 2022.
             Slain by Prince Ribbit (9 damage)
             ... on level 5 of the Dungeon.
             The game lasted 00:24:28 (4320 turns).

javelincjr the Magician (Djinni Conjurer)           Turns: 4320, Time: 00:24:28

Health: 0/49       AC:  4    Str:  5    XL:     7   Next: 34%
Gold:   968        EV: 12    Int: 26    God:
                   SH:  0    Dex: 10

rFire   + + .      SeeInvis .   k - +2 dagger (elec)
rCold   x . .      Faith    .   (no shield)
rNeg    . . .      Spirit   .   l - +2 robe
rPois   ∞          Reflect  .   q - +0 hat
rElec   .          Harm     .   (no cloak)
rCorr   .          Rampage  .   (no gloves)
Will    .....                   (boots unavailable)
Stlth   ++........              (no amulet)
HPRegen 0.16/turn               c - ring of wizardry
MPRegen 0.00/turn               (no ring)

@: flying, unable to drink
A: sickness immunity, fire resistance 2, cold vulnerability 1, float, innate
caster, HP casting, extra vitality 1, claws 1, clever 1, deterioration 1,
inability to drink after injury 1
a: no special abilities


You were on level 5 of the Dungeon.
You visited 1 branch of the dungeon, and saw 5 of its levels.

You collected 968 gold pieces.

Inventory:

Hand Weapons
 e - a +0 dagger
 f - a +0 rapier
 k - a +2 dagger of electrocution (weapon)
 o - a +2 dagger of draining
Missiles
 h - 7 javelins
 r - 5 boomerangs
Armour
 a - a +1 robe
 l - a +2 robe (worn)
 q - a +0 hat (worn)
Jewellery
 c - a ring of wizardry (left claw)
Scrolls
 b - 3 scrolls of teleportation
 i - a scroll of identify
 n - a scroll of fear
Potions
 d - a potion of lignification
 g - a potion of haste
 j - a potion of ambrosia {unknown}
 p - a potion of brilliance {unknown}
 s - a potion of flight {unknown}
 t - 3 potions of curing


   Skills:
 + Level 2.3 Fighting
 + Level 3.1 Short Blades
 + Level 3.5 Dodging
 + Level 3.0 Stealth
 + Level 4.4 Spellcasting


You couldn't memorise any spells.
You knew the following spells:

 Your Spells              Type           Power      Damage    Failure   Level
a - Magic Dart            Conj           100%       1d8       1%          1
b - Searing Ray           Conj           58%        2d6       1%          2
c - Dazzling Flash        Conj/Hex       58%        N/A       1%          3
d - Fulminant Prism       Conj/Hex       14%        3d9       5%          4
e - Iskenderun's Mystic   Conj/Tloc      29%        2d7       5%          4
f - Slow                  Hex            100%       N/A       1%          1
g - Blink                 Tloc           58%        N/A       1%          2
h - Tukima's Dance        Hex            29%        N/A       1%          3
Your spell library was empty.

Dungeon Overview and Level Annotations

Branches:
Dungeon (5/15)
 Temple: D:4-7

Altars:

Annotations:
D:5 Prince Ribbit


Innate Abilities, Weirdness & Mutations

You are immune to sickness and miasma.
You are immune to poison.
Your flesh is very heat resistant. (rF++)
You are vulnerable to cold. (rC-)
You float through the air rather than walking.
You learn spells naturally, not from books.
Your magical power is your life essence.
You have superior vitality. (+4 MHP)
You have sharp fingernails.
Your mind is acute. (Int +4, Str/Dex -1)
Your body sometimes deteriorates upon taking damage.
You occasionally lose the ability to drink potions when taking damage.


Message History

You conjure a prism of explosive energy!
A fulminant prism comes into view.
Your fulminant prism crackles loudly.
The orc hits your fulminant prism with a +0 dagger.
Your fulminant prism explodes!
The blast of energy engulfs the orc!
You kill the orc!
The blast of energy engulfs the orc!
You kill the orc!
A hound comes into view.
Found a scroll labelled GENONT RIQUDD.
The hound moves out of view.
Prince Ribbit comes into view.
Casting: Fulminant Prism (dangerous; 5% risk of failure)
Confirm with . or Enter, or press ? or * to list all spells.
Aiming: Fulminant Prism (dangerous; 5% risk of failure)
Press: ? - help, Dir - move target You conjure a prism of explosive energy!
A fulminant prism comes into view.
Prince Ribbit blinks!
Your fulminant prism crackles loudly.
You see here a scroll labelled GENONT RIQUDD.
Found 13 gold pieces.
Prince Ribbit blinks!
Your fulminant prism explodes!
The blast of energy engulfs the hound!
You kill the hound!
The blast of energy engulfs Prince Ribbit!!
Prince Ribbit is heavily wounded.
Your Stealth skill increases to level 3!
You miss Prince Ribbit. Your claw misses Prince Ribbit.
Prince Ribbit is heavily wounded.
Prince Ribbit hits you!
You feel threatened and lose the ability to drink potions!
* * * LOW HITPOINT WARNING * * *
You closely miss Prince Ribbit.
Prince Ribbit is heavily wounded.
Prince Ribbit barely misses you. Prince Ribbit completely misses you.
You hit Prince Ribbit.
Prince Ribbit is heavily wounded.
Prince Ribbit hits you!
You die...

#$.. #.. ... #.. ##.##
...###... #........ #@#
..## # #F#### ..## .#
#.##.####..###.#
######.##...[.......
......†........##..# ###
.......###.....##..###..
....... #...#......##.#
.....§. #..##....#.##..
....... ....##.)..#.....


You could see Prince Ribbit.

Vanquished Creatures
  A phantom (D:5)
  Blork the orc (D:4)
  A hound (D:5)
  2 orc priests
  2 iguanas (D:5)
  An orc wizard (D:5)
  9 adders
  An ufetubus (D:4)
  3 worms (D:2)
  12 orcs
  14 ball pythons
  3 bats
  3 endoplasms
  A giant cockroach (D:3)
  5 goblins
  3 hobgoblins
  2 jackals (D:4)
  7 kobolds
  2 quokkas
  8 frilled lizards
  3 rats
84 creatures vanquished.

Vanquished Creatures (others)
  7 fulminant prisms
7 creatures vanquished.

Grand Total: 91 creatures vanquished

Notes
Turn   | Place    | Note
-------+----------+-------------------------------------------
     0 | D:1      | javelincjr the Djinni Conjurer began the quest for the Orb.
     0 | D:1      | javelincjr set off with the following spells memorised:
                  | Magic Dart, Searing Ray, Dazzling Flash, Fulminant Prism,
                  | Iskenderun's Mystic Blast.
     0 | D:1      | Reached XP level 1. HP: 15/15 MP: 0/0
   288 | D:1      | Reached XP level 2. HP: 20/21 MP: 0/0
   952 | D:2      | Reached XP level 3. HP: 12/25 MP: 0/0
   952 | D:2      | Learned a level 1 spell: Slow
  1108 | D:2      | Found a faded altar of an unknown god.
  1370 | D:2      | Reached XP level 4. HP: 25/31 MP: 0/0
  1442 | D:2      | Reached skill level 1 in Short Blades
  1471 | D:2      | Reached skill level 4 in Spellcasting
  1830 | D:2      | Reached skill level 1 in Fighting
  1830 | D:2      | Reached XP level 5. HP: 29/37 MP: 0/0
  1830 | D:2      | Learned a level 2 spell: Blink
  2669 | D:3      | Identified a scroll of acquirement
  2669 | D:3      | Acquired 786 gold pieces
  2690 | D:3      | Gained mutation: You occasionally lose the ability to drink
                  | potions when taking damage. [potion of mutation]
  2690 | D:3      | Gained mutation: Your body sometimes deteriorates upon
                  | taking damage. [potion of mutation]
  2690 | D:3      | Gained mutation: You have sharp fingernails. [potion of
                  | mutation]
  2690 | D:3      | Gained mutation: Your mind is acute. (Int +4, Str/Dex -1)
                  | [potion of mutation]
  3264 | D:4      | Noticed Blork the orc
  3270 | D:4      | Killed Blork the orc
  3271 | D:4      | Reached XP level 6. HP: 35/43 MP: 0/0
  4122 | D:5      | Entered Level 5 of the Dungeon
  4236 | D:5      | Reached XP level 7. HP: 33/49 MP: 0/0
  4236 | D:5      | Learned a level 3 spell: Tukima's Dance
  4313 | D:5      | Noticed Prince Ribbit
  4320 | D:5      | Slain by Prince Ribbit

Illustrated notes

Levels and vault maps discovered:
D:1:      mrwooster_arrival_statue_3, layout_rooms
D:2:      layout_loops_cross, dreamdust_ecumenical_altar_statues,
          minmay_snake_closets
D:3:      layout_loops_ring
D:4:      layout_loops_corners, hangedman_decor_growths, uniq_blork_the_orc
D:5:      layout_basic, gup_sewer_entry_pipe, uniq_prince_ribbit1

Skill      XL: |  1  2  3  4  5  6  7 |
---------------+----------------------+-----
Short Blades   | 1 2 3 |  3.1
Spellcasting   | 4 |  4.4
Fighting       | 1 2 |  2.3
Stealth        | 2 3 |  3.0
Dodging        | 3 |  3.5

Action                   |  1- 3 |  4- 6 |  7- 9 || total
-------------------------+-------+-------+-------++-------
Melee: Rapier            |    21 |       |       ||    21
       Dagger            |    43 |    65 |     3 ||   111
       Punch             |       |     1 |       ||     1
 Cast: Magic Dart        |    14 |    22 |       ||    36
       Searing Ray       |     1 |    14 |     2 ||    17
       Fulminant Prism   |       |     2 |     5 ||     7
       Iskenderun's Myst |       |       |     1 ||     1
  Use: Scroll            |       |     9 |       ||     9
       Potion            |       |     6 |       ||     6
 Stab: Sleeping          |     1 |     2 |       ||     3
       Distracted        |       |     1 |       ||     1
Armor: Robe              |     8 |     8 |       ||    16
Dodge: Dodged            |    40 |    38 |     2 ||    80
